 Dungeon Crawl Stone Soup version 0.20-a0-1122-gb7cbeb9 (webtiles) character file.

23 arathur the Chopper (level 3, 29/29 HPs)
             Began as a Human Berserker on May 4, 2017.
             Was a Follower of Trog.
             Got out of the dungeon alive.
             The game lasted 00:09:33 (660 turns).

arathur the Chopper (Human Berserker)                Turns: 660, Time: 00:09:33

Health: 29/29      AC:  3    Str: 18    XL:     3   Next: 10%
Magic:  3/3        EV: 12    Int:  7    God:    Trog [*.....]
Gold:   45         SH:  0    Dex: 12    Spells: 2/2 levels left

rFire    . . .     SeeInvis .   a - +0 hand axe
rCold    . . .     Gourm    .   (no shield)
rNeg     . . .     Faith    .   r - +0 leather armour
rPois    .         Spirit   .   (no helmet)
rElec    .         Reflect  .   (no cloak)
rCorr    .         Harm     .   (no gloves)
MR       .....                  (no boots)
Stlth    +.........             (no amulet)
Regen    0.1/turn               (no ring)
MPRegen  0.1/turn               (no ring)

@: no status effects
A: no striking features
a: Berserk, Burn Spellbooks, Renounce Religion


You escaped.
You worshipped Trog.
Trog was aware of your devotion.
You were not hungry.

You visited 1 branch of the dungeon, and saw 2 of its levels.

You collected 45 gold pieces.

Inventory:

Hand Weapons
 a - a +0 hand axe (weapon)
Missiles
 e - 46 stones (quivered)
 k - 4 needles of sleeping
 o - 21 arrows
Armour
 b - a +0 animal skin
 r - a +0 leather armour (worn)
Scrolls
 f - a scroll of immolation {unknown}
 l - a scroll of fog {unknown}
 p - a scroll of remove curse {unknown}
 q - a scroll of identify {unknown}
Potions
 g - 3 potions of flight {unknown}
 h - a potion of lignification {unknown}
 i - a potion of mutation {unknown}
 m - a potion of heal wounds {unknown}
 n - 2 potions of agility {unknown}
Comestibles
 c - 2 bread rations
 d - a meat ration
 j - 9 chunks of flesh


   Skills:
 + Level 3.3 Fighting
 + Level 3.4 Axes
 + Level 2.0 Armour
 + Level 2.2 Dodging
 + Level 0.7 Stealth


You had 2 spell levels left.
You didn't know any spells.

Dungeon Overview and Level Annotations

Branches:
Dungeon (2/15)

Altars:


Message History

The bat is severely wounded.
The bat hits you but does no damage. The bat misses you.
You hit the bat.
You kill the bat!
Trog accepts your kill.
Sorry, I don't know how to get there.
You enter the shallow water.
Moving in this stuff is going to be slow.
You enter the shallow water.
Moving in this stuff is going to be slow.
You enter the shallow water.
Moving in this stuff is going to be slow.
There is a large open door here.
There is a fountain of clear blue water here.
There is a large open door here.
There is a staircase leading out of the dungeon here.
You can't go down here!
Are you sure you want to leave the Dungeon?
This will make you lose the game!
You have escaped!

.#...≈≈≈≈≈≈≈≈≈≈≈≈≈≈≈≈≈≈≈≈≈≈≈...#
.#...≈≈≈≈≈≈≈≈≈≈≈≈≈≈≈≈≈≈≈≈≈≈≈...##
.#...≈≈≈#+#+#≈≈≈≈≈≈≈#'#'#≈≈≈.....
##...≈≈≈+...##'###'##..>'≈≈≈.....
#...≈≈≈+...'.......'...'≈≈≈.....
#...≈≈≈#+###.#####.###'#≈≈≈...##
#....≈≈≈≈#...#...#...'≈≈≈≈≈...#
#..⌠..≈≈≈'.⌠.'...###.#≈≈≈≈≈...##
#..⌠..≈≈≈'.⌠.'.@.###.#≈≈≈≈≈.....
#....≈≈≈≈#...#...#...'≈≈≈≈≈....#
#...≈≈≈#'#'#.#####.###+#≈≈≈....#
#...≈≈≈'...#.......# +≈≈≈....#
#...≈≈≈'...##'###'## +≈≈≈....#
#...≈≈≈#'#'#≈≈≈≈≈≈≈#+#+#≈≈≈....#
#...≈≈≈≈≈≈≈≈≈≈≈≈≈≈≈≈≈≈≈≈≈≈≈....#
#...≈≈≈≈≈≈≈≈≈≈≈≈≈≈≈≈≈≈≈≈≈≈≈...##
...≈≈≈≈≈≈≈≈≈≈≈≈≈≈≈≈≈≈≈≈≈≈≈...#


There were no monsters in sight!

Vanquished Creatures
  2 dart slugs (D:1)
  A giant cockroach (D:1)
  3 goblins (D:1)
  2 hobgoblins (D:1)
  2 kobolds (D:1)
  2 ball pythons (D:1)
  3 bats (D:1)
  A frilled lizard (D:1)
  3 rats (D:1)
19 creatures vanquished.

Notes
Turn   | Place    | Note
-------+----------+-------------------------------------------
     0 | D:1      | arathur the Human Berserker began the quest for the Orb.
     0 | D:1      | Reached XP level 1. HP: 18/18 MP: 1/1
   267 | D:1      | Reached XP level 2. HP: 21/24 MP: 2/2
   543 | D:1      | Reached XP level 3. HP: 29/29 MP: 3/3
   568 | D:2      | Upgraded the game from 0.20-a0-1108-g6ae5986 to 0.20-a0-1122-gb7cbeb9
   660 | D:$      | Got out of the dungeon alive.

Vault maps used:
D:1:      dpeg_arrival_castle, st_stairs_5
D:2:      first_bread, due_unseen_surprise, uniq_crazy_yiuf_cottage

Action                   || total
-------------------------++-------
Melee: Hand axe          ||    53
Throw: Stone             ||     3
       Throwing net      ||     1
 Stab: Sleeping          ||     3
       Held in net/web   ||     1
Armor: Animal skin       ||     7
       Leather armour    ||    13
Dodge: Dodged            ||    41
